 Dungeon Crawl Stone Soup version 0.21-a0-67-g3f13d09 (webtiles) character file.

777 poirepourri the Chopper (level 7, -5/64 HPs)
             Began as a Deep Dwarf Fighter on June 17, 2017.
             Was an Initiate of Makhleb.
             Slain by an ogre
             ... wielding a +0 giant club
              (13 damage)
             ... on level 4 of the Dungeon.
             The game lasted 00:04:16 (3194 turns).

poirepourri the Chopper (Deep Dwarf Fighter)        Turns: 3194, Time: 00:04:17

Health: -5/64      AC: 12    Str: 19    XL:     7   Next: 54%
Magic:  6/6        EV:  6    Int:  9    God:    Makhleb [......]
Gold:   263        SH: 11    Dex: 14    Spells: 6/6 levels left

rFire    + . .     SeeInvis .   a - +0 war axe
rCold    x . .     Gourm    .   c - +1 shield
rNeg     . . .     Faith    .   u - +0 chain mail
rPois    .         Spirit   .   (no helmet)
rElec    .         Reflect  .   (no cloak)
rCorr    .         Harm     .   (no gloves)
MR       +....                  p - +2 pair of boots {Stlth+}
Stlth    ..........             (no amulet)
HPRegen  0.00/turn              r - ring of fire
MPRegen  0.10/turn              m - ring of wizardry

@: non-regenerating
A: damage resistance, heal wounds, sense surroundings 1, no regeneration
a: Heal Wounds, Renounce Religion


You were on level 4 of the Dungeon.
You worshipped Makhleb.
Makhleb was noncommittal.
You were not hungry.

You visited 1 branch of the dungeon, and saw 4 of its levels.

You collected 263 gold pieces.

Inventory:

Hand Weapons
 a - a +0 war axe (weapon)
Armour
 c - a +1 shield (worn)
 p - a +2 pair of boots of stealth (worn)
 u - a +0 chain mail (worn)
Jewellery
 m - a ring of wizardry (right hand)
 r - a ring of fire (left hand)
Wands
 t - a wand of lightning (11/15)
Scrolls
 i - a scroll of blinking
 j - 2 scrolls of remove curse
 k - a scroll of magic mapping
Potions
 b - a potion of agility {unknown}
 d - 2 potions of might
 e - 2 potions of ambrosia {unknown}
 h - 3 potions of lignification
 n - a potion of invisibility
 s - a potion of flight
Books
 o - a book of Changes

   Spells                             Type                      Level
   a - Beastly Appendage              Transmutation                1
   b - Sticks to Snakes               Transmutation                2
   c - Spider Form                    Transmutation/Poison         3
   d - Ice Form                       Ice/Transmutation            4
   e - Blade Hands                    Transmutation                5
Comestibles
 f - 4 bread rations
 g - a royal jelly
 l - a meat ration
 q - 4 fruits


   Skills:
 + Level 4.0 Fighting
 + Level 6.7 Axes
 - Level 3.2 Armour
 + Level 2.5 Dodging
 + Level 5.8 Shields


You had 6 spell levels left.
You didn't know any spells.

Dungeon Overview and Level Annotations

Branches:
Dungeon (4/15)
 Temple: D:4-7

Altars:
Cheibriados
Makhleb
Qazlal
Yredelemnul


Innate Abilities, Weirdness & Mutations

You are resistant to damage.
You can heal yourself by infusing magical energy.
You passively map a small area around you.
You do not regenerate.


Message History

The frilled lizard bites you but does no damage.
The orc moves out of view.
You block the ogre's attack. The frilled lizard barely misses you.
The ogre moves out of view.
The orc priest looks braver for a moment.
Your shield and chain mail prevent you from hitting the ogre.
You closely miss the frilled lizard. The ogre closely misses you.
You block the frilled lizard's attack.
Unknown command.
You feel much better. You block the frilled lizard's attack.
You block the ogre's attack.
The orc priest drinks a potion.
The orc priest suddenly seems more resistant.
Your chain mail prevents you from hitting the ogre.
You barely miss the frilled lizard. The frilled lizard closely misses you.
The ogre hits you with a giant club!!
* * * LOW HITPOINT WARNING * * *
You slice the ogre!!
The ogre is severely wounded.
You hit the frilled lizard but do no damage.
You block the frilled lizard's attack. The ogre hits you with a giant club!
You die...

, , #....,...## ,
.... .... , * #...
...# . ...,... #
*,.o#O., , , * #
*oSo#####. . * ##
#Oll.....,..## #.
###@#######
*#.###.#
#.......... #....##
#.#.####### #.#.###
#$#.# #...... # #.#
###...##.
,#.########..[.....
#.................
*
###.######........
#.# ###...##.


You could see 2 ogres, 2 orc priests, an adder, an orc and 2 frilled lizards.

Vanquished Creatures
  The ghost of xgamer67 the Skirmisher, an amateur HuGl (D:4)
  Grinder (D:3)
  An ogre (D:4)
  A hound (D:3)
  An orc wizard (D:4)
  2 worker ants (D:4)
  9 adders
  An ooze (D:3)
  2 worms
  2 dart slugs
  3 leopard geckos
  8 orcs
  A ball python (D:1)
  5 bats
  5 giant cockroaches
  2 gnoll zombies (D:3)
  8 goblins
  8 hobgoblins
  3 jackals (D:1)
  4 frilled lizards
  8 kobolds
  A leopard gecko skeleton (D:4)
  7 rats
84 creatures vanquished.

Notes
Turn   | Place    | Note
-------+----------+-------------------------------------------
     0 | D:1      | poirepourri the Deep Dwarf Fighter began the quest for the Orb.
     0 | D:1      | Reached XP level 1. HP: 20/20 MP: 1/1
   156 | D:1      | Reached XP level 2. HP: 26/28 MP: 2/2
   333 | D:1      | Reached XP level 3. HP: 25/34 MP: 3/3
   408 | D:1      | Reached skill level 1 in Dodging
   929 | D:2      | Reached skill level 3 in Axes
   984 | D:2      | Reached XP level 4. HP: 18/42 MP: 4/4
  1122 | D:2      | Found a snail-covered altar of Cheibriados.
  1510 | D:3      | Found a basalt altar of Yredelemnul.
  1574 | D:3      | Noticed Grinder
  1582 | D:3      | Found a stormy altar of Qazlal.
  1591 | D:3      | Paralysed by Grinder for 7 turns
  1605 | D:3      | Paralysed by Grinder for 2 turns
  1610 | D:3      | Paralysed by Grinder for 6 turns
  1621 | D:3      | Killed Grinder
  1621 | D:3      | Reached skill level 5 in Axes
  1621 | D:3      | Reached XP level 5. HP: 10/50 MP: 5/5
  1621 | D:3      | Reached XP level 6. HP: 11/57 MP: 6/6
  2360 | D:3      | Found a burning altar of Makhleb.
  2376 | D:3      | Became a worshipper of Makhleb the Destroyer
  2646 | D:4      | Noticed xgamer67's ghost (amateur HuGl)
  2661 | D:4      | HP: 2/57 [xgamer67's ghost (6)]
  2673 | D:4      | Killed xgamer67's ghost
  2673 | D:4      | Reached skill level 6 in Axes
  2673 | D:4      | Reached skill level 5 in Shields
  2673 | D:4      | Reached XP level 7. HP: 30/64 MP: 6/6
  3194 | D:4      | Slain by an ogre

Vault maps used:
D:1:      lightli_molten_gateway
D:2:      kennysheep_slug_shrine
D:3:      grunt_qazlal_sundering, lemuel_zombie_altar_yredelemnul, first_bread,
          makhleb_heckhound_becter, uniq_grinder
D:4:      temple_fountains, dk_noncrumbling_4

Skill      XL: |  1  2  3  4  5  6 |
---------------+-------------------+-----
Fighting       | 3 4 |  4.0
Dodging        | 1 2 |  2.5
Shields        | 4 5 |  5.8
Axes           | 3 5 6 |  6.7
Armour         | |  3.2

Action                   |  1- 3 |  4- 6 |  7- 9 || total
-------------------------+-------+-------+-------++-------
Melee: War axe           |    93 |   138 |    54 ||   285
 Abil: Heal Wounds       |       |     4 |     1 ||     5
  Use: Scroll            |     5 |     2 |       ||     7
       Potion            |       |     6 |       ||     6
  Eat: Bread ration      |       |     2 |       ||     2
Armor: Scale mail        |    62 |    60 |     5 ||   127
       Chain mail        |       |       |    11 ||    11
Dodge: Dodged            |    40 |    41 |    16 ||    97
Block: Shield            |    69 |    82 |    31 ||   182
